 Dungeon Crawl Stone Soup version 0.19-a0-414-g76fec5b (webtiles) character file.

42 Hipnos the Digger (level 3, 0/19 HPs)
             Began as a Gargoyle Earth Elementalist on May 31, 2016.
             Slain by Ijyb
             ... wielding a +1 dagger of draining
              (3 damage)
             ... on level 2 of the Dungeon.
             The game lasted 00:05:15 (1333 turns).

Hipnos the Digger (Gargoyle Earth Elementalist)     Turns: 1333, Time: 00:05:16

Health: 0/19       AC:  5    Str: 11    XL:     3   Next: 56%
Magic:  1/6        EV: 12    Int: 16    God:
Gold:   20         SH:  0    Dex: 10    Spells: 1 memorised, 5 levels left

rFire  . . .     SeeInvis .     b - 65 stones
rCold  . . .     Gourm    .     e - +0 robe
rNeg   + . .     Faith    .     (no shield)
rPois  ∞         Spirit   .     (no helmet)
rElec  +         Dismiss  .     (no cloak)
rCorr  .         Reflect  .     (no gloves)
SustAt .         Harm     .     (no boots)
MR     .....                    (no amulet)
Stlth  ++........               (no ring)
                                (no ring)

@: not resistant to hostile enchantments, unstealthy
A: negative energy resistance 1, electricity resistance, unbreathing,
petrification resistance, rot immunity, AC +3
a: no special abilities


You were on level 2 of the Dungeon.
You were hungry.

You visited 1 branch of the dungeon, and saw 2 of its levels.

You collected 20 gold pieces.

Inventory:

Hand Weapons
 h - a +0 whip
Missiles
 b - 65 stones (in hand)
Armour
 e - a +0 robe (worn)
Scrolls
 a - 2 scrolls of recharging {unknown}
 g - a scroll of fog {unknown}
 i - 2 scrolls of identify {unknown}
 j - a scroll of remove curse {unknown}
 k - a scroll of teleportation {unknown}
Books
 c - a book of Geomancy

   Spells                             Type                      Level
   a - Sandblast                      Earth                        1
   b - Passwall                       Transmutation/Earth          2
   c - Stone Arrow                    Conjuration/Earth            3
   d - Petrify                        Transmutation/Earth          4
   e - Lee's Rapid Deconstruction     Earth                        5
Comestibles
 d - a bread ration


   Skills:
 + Level 1.8 Dodging
 - Level 2.1 Stealth
 + Level 2.3 Spellcasting
   Level 0.7 Transmutations
 * Level 4.8 Earth Magic


You had 5 spell levels left.
You knew the following spells:

 Your Spells              Type           Power        Failure   Level  Hunger
a - Sandblast             Erth           ###...       3%          1    #......


Dungeon Overview and Level Annotations

Branches:
Dungeon (2/15)

Altars:

Annotations:
D:2 Ijyb


Innate Abilities, Weirdness & Mutations

You are resistant to torment.
Your stone body is resilient (AC +3).
You are immune to poison.
You resist negative energy. (rN+)
You are resistant to electric shocks. (rElec)
You can survive without breathing.
You are immune to petrification.
You are immune to rotting.


Message History

Casting: Sandblast
Confirm with . or Enter, or press ? or * to list all spells.
Aiming: Sandblast
Press: ? - help, Shift-Dir - straight line, f/p - Ijyb
Aim: Ijyb, wielding a dagger of draining and wearing a glowing leather armour (almost dead)
The rocky blast hits Ijyb.
Ijyb is almost dead.
Ijyb hits you but does no damage.
Casting: Sandblast
Confirm with . or Enter, or press ? or * to list all spells.
Aiming: Sandblast
Press: ? - help, Shift-Dir - straight line, f/p - Ijyb
Aim: Ijyb, wielding a dagger of draining and wearing a glowing leather armour (almost dead)
The rocky blast hits Ijyb.
Ijyb is almost dead.
Ijyb hits you but does no damage.
Found a robe.
The kobold throws a stone.
The stone barely misses you.
Ijyb hits you with a dagger of draining.
You die...

# . .# .# . #
#.###.. .##.
.......
....######.......
#.........@.#
#.....[..g###
....# #..#......#
#!... .........#
#... ####......#
#... ......K...#
#..# ###......##
#K.# #.......#
#..# #.......###
#.(# #


You could see Ijyb and a kobold.

Vanquished Creatures
  An adder (D:2)
  An ooze (D:1)
  4 bats (D:1)
  2 giant cockroaches (D:1)
  6 goblins (D:1)
  4 hobgoblins (D:1)
  2 jackals (D:1)
  2 giant newts (D:1)
  2 kobolds (D:1)
  2 rats (D:1)
26 creatures vanquished.

Notes
Turn   | Place    | Note
--------------------------------------------------------------
     0 | D:1      | Hipnos the Gargoyle Earth Elementalist began the quest for the Orb.
     0 | D:1      | Reached XP level 1. HP: 10/10 MP: 3/3
   148 | D:1      | Reached skill level 4 in Earth Magic
   148 | D:1      | Reached XP level 2. HP: 15/15 MP: 0/5
   706 | D:1      | Reached XP level 3. HP: 19/19 MP: 4/6
  1214 | D:2      | Noticed Ijyb
  1333 | D:2      | Slain by Ijyb

Vault maps used:
D:1:      lightli_arrival_statue_moat, kennysheep_pointless_box
D:2:      overflow_temple_1_default, uniq_iyjb

Skill      XL: |  1 |
---------------+----+-----
Earth Magic    | 4 |  4.8
Dodging        | |  1.8
Stealth        | |  2.1
Spellcasting   | |  2.3
Transmutations | |  0.7

Action                   || total
-------------------------++-------
Melee: Unarmed           ||     9
       Whip              ||    69
 Cast: Sandblast         ||    73
  Eat: Chunk             ||     2
Armor: Robe              ||    56
Dodge: Dodged            ||    82
